 Seeded DCSS version 0.30-a0-862-g1aabd4f9c5 (webtiles) character file.

Game seed: 8796237800415217726 (custom seed)

88 BigDaddyOpFi the Digger (level 4, -4/24 HPs)
             Began as a Deep Elf Earth Elementalist on Mar 9, 2023.
             Killed by divine providence
             ... invoked by an orc priest
              (15 damage)
             ... on level 3 of the Dungeon.
             The game lasted 00:02:26 (2184 turns).

BigDaddyOpFi the Digger (DEEE)                      Turns: 2184, Time: 00:02:27

Health: -4/24      AC:  2    Str:  5    XL:     4   Next: 29%
Magic:  9/11       EV: 13    Int: 27    God:
Gold:   846        SH:  0    Dex: 15    Spells: 6/10 levels left

rFire   . . .      SeeInvis +    f - +3 trident "Spiderslayer" {heavy, rC- Int+5 SInv Stlth+}
rCold   x . .      Faith    .    (no shield)
rNeg    . . .      Spirit   .    a - +0 robe
rPois   .          Reflect  .    (no helmet)
rElec   .          Rampage  .    (no cloak)
rCorr   .                        (no gloves)
Will    .....                    (no boots)
Stlth   +++                      k - amulet of regeneration
HPRegen 1.04/turn                (no ring)
MPRegen 0.12/turn                (no ring)

@: no status effects
A: no striking features
a: no special abilities


You were on level 3 of the Dungeon.
You visited 1 branch of the dungeon, and saw 4 of its levels.

You collected 846 gold pieces.

Inventory:

Hand Weapons
 f - the +3 trident "Spiderslayer" (weapon) {heavy, rC- Int+5 SInv Stlth+}
   (You acquired it on level 1 of the Dungeon)

   Int:       It affects your intelligence (+5).
   rC:        It makes you vulnerable to cold.
   SInv:      It lets you see invisible.
   Stlth:     It makes you more stealthy.
Armour
 a - a +0 robe (worn)
Jewellery
 k - an amulet of regeneration (around neck)
Wands
 t - a wand of paralysis (10)
Scrolls
 g - a scroll of teleportation {unknown}
 h - 3 scrolls of noise {unknown}
 m - 3 scrolls of identify {unknown}
 n - a scroll of magic mapping {unknown}
 o - a scroll of immolation {unknown}
 p - a scroll of torment {unknown}
 q - a scroll of vulnerability {unknown}
 s - a scroll of enchant weapon {unknown}
 u - 2 scrolls of poison {unknown}
 v - a scroll of enchant armour {unknown}
Potions
 b - 2 potions of magic
 c - 2 potions of curing {unknown}
 d - 2 potions of attraction {unknown}
 e - 2 potions of berserk rage {unknown}
 i - a potion of mutation {unknown}
 j - a potion of lignification {unknown}
 l - a potion of invisibility {unknown}
 r - 3 potions of brilliance {unknown}


   Skills:
 + Level 0.8 Polearms
 + Level 3.1 Dodging
 + Level 3.2 Stealth
 + Level 3.7 Spellcasting
 * Level 0.0 Conjurations
 + Level 2.0 Transmutations
 + Level 3.8 Earth Magic


You had 6 spell levels left.
You knew the following spells:

 Your Spells              Type           Power      Damage    Failure   Level
a - Sandblast             Erth           52%        2d12      1%          1
b - Stone Arrow           Conj/Erth      30%        3d8       11%         3

Your spell library contained the following spells:

 Spells                   Type           Power      Damage    Failure   Level
 Passwall                 Tmut/Erth      17%        N/A       3%          2
 Call Imp                 Summ           5%         N/A       12%         2
 Call Canine Familiar     Summ           5%         N/A       24%         3
 Petrify                  Tmut/Erth      21%        N/A       24%         4
 Summon Mana Viper        Hex/Summ       5%         N/A       92%         5
 Monstrous Menagerie      Summ           2%         N/A       100%        7
 Spellforged Servitor     Conj/Summ      2%         N/A       100%        7


Dungeon Overview and Level Annotations

Branches:
Dungeon (4/15)
 Temple: D:4-7

Altars:

Shops:
D:1 :   D:2 *


Message History

The orc priest is heavily wounded.
The orc priest shouts!
The orc shouts!
The orc wizard shouts!
The jelly quivers.
An adder comes into view.
The orc priest miscasts a cantrip.
The goblin shouts!
The adder hisses angrily.
Casting: Sandblast (safe; 1% risk of failure)
Confirm with . or Enter, or press ? or * to list all spells.
Aiming: Sandblast (safe; 1% risk of failure)
Press: ? - help, Shift-Dir - straight line, f/p - orc priest
Aim: an orc priest, wielding a +0 morningstar of holy wrath and wearing a +0 ring mail (heavily wounded, 85% to hit)
The blast of sand hits the orc wizard!
The orc wizard is almost dead.
The orc wizard closely misses you. The orc hits you with a +0 whip.
The adder closely misses you.
The orc wizard hits you with a +0 dagger.
The orc hits you with a +0 whip. The orc attacks as you move away!
The orc barely misses you. The orc wizard casts a spell at you.
The puff of flame misses you. The orc attacks as you move away!
The orc closely misses you. The adder misses you.
There is a stone staircase leading up here.
The adder closely misses you. The orc hits you with a +0 whip.
The orc hits you with a +0 club. The orc priest barely misses you.
You climb upwards.
There is a stone staircase leading down here.
Casting: Sandblast (safe; 1% risk of failure)
Confirm with . or Enter, or press ? or * to list all spells.
Aiming: Sandblast (safe; 1% risk of failure)
Press: ? - help, Shift-Dir - straight line, f - orc priest
Aim: an orc priest, wielding a +0 morningstar of holy wrath and wearing a +0 ring mail (heavily wounded, 85% to hit)
The blast of sand hits the orc priest.
The orc priest is severely wounded.
The adder barely misses you. The orc hits you with a +0 whip.
The orc closely misses you.
The orc priest mumbles some strange prayers to Beogh against you.
Beogh smites you!
Ouch! That really hurt!
You die...

##...####.#.#.##.##.......#
#...####.#<#.##.##.......#
#...#.........#.##.......#
#...#...........#........####
#...#.......##..#...........#
#...#.......###.#...........#
#...#.......###'#...........#
#####...##....oo............#
#...##....o@S...........#
#...##.......###........#
#...##.......# #........#
######.......# #........#
#.......# #........#
#.......# #........# ##
#.......# ########## .#
#....^..# .######## #.......#


You could see an orc priest, an adder and 2 orcs.

Vanquished Creatures
  3 gnolls (D:2)
  An adder (D:2)
  A worm (D:2)
  6 endoplasms
  3 giant cockroaches (D:2)
  4 hobgoblins
  6 jackals (D:2)
  A quokka (D:3)
  4 ball pythons
  5 bats
  3 goblins
  2 kobolds
  5 rats
44 creatures vanquished.

Notes
Turn   | Place    | Note
-------+----------+-------------------------------------------
     0 | D:1      | BigDaddyOpFi the Deep Elf Earth Elementalist began the
                  | quest for the Orb.
     0 | D:1      | Reached XP level 1. HP: 10/10 MP: 6/6
    46 | D:1      | Found Veoliky's Book Emporium.
    62 | D:1      | Identified 3 scrolls of acquirement
    62 | D:1      | Acquired the Incunabulum of the Band
    64 | D:1      | Acquired 650 gold pieces
    66 | D:1      | Acquired the +3 trident "Spiderslayer" {heavy, rC- Int+5
                  | SInv Stlth+}
   318 | D:1      | Reached XP level 2. HP: 15/15 MP: 6/8
   772 | D:2      | Found a faded altar of an unknown god.
   785 | D:2      | Reached XP level 3. HP: 15/19 MP: 6/9
  1119 | D:2      | Identified the +4 hand axe "Fumm" {freeze, *Rage Dex+4}
  1335 | D:2      | Found Fuiquv's Assorted Antiques.
  1400 | D:2      | Reached XP level 4. HP: 21/24 MP: 11/11
  1504 | D:2      | Learned a level 3 spell: Stone Arrow
  2184 | D:3      | Killed from afar by an orc priest

Illustrated notes

Levels and vault maps discovered:
D:1:      heliophobic_arrival_henge, layout_rooms, serial_shops, shop_statue
D:2:      layout_basic, serial_shops, nicolae_lakefront_shop,
          ebering_ecumenical_altar_ruins
D:3:      layout_basic
D:4:      layout_rooms, kennysheep_generic_room_4

Skill      XL: |  1  2  3  4 |
---------------+-------------+-----
Stealth        | 3 |  3.2
Dodging        | 3 |  3.1
Transmutations | 2 |  2.0
Polearms       | |  0.8
Spellcasting   | |  3.7
Earth Magic    | |  3.8

Action                     |  1- 3 |  4- 6 || total
---------------------------+-------+-------++-------
  Melee: Trident           |    14 |     4 ||    18
   Cast: Sandblast         |    29 |    20 ||    49
    Use: Scroll            |     3 |       ||     3
   Stab: Sleeping          |     2 |       ||     2
 Armour: Robe              |     2 |     2 ||     4
  Dodge: Dodged            |    19 |    15 ||    34

Table legend: (Time is in decaauts)
 A = Elapsed time spent in this place.
 B = Non-inter-level travel time spent in this place.
 C = Inter-level travel time spent in this place.
 D = Time resting spent in this place.
 E = Time spent auto-exploring this place.
 F = Levels seen in this place.
 G = Mean time per level.
                   A        B        C        D        E       F      G
               +--------+--------+--------+--------+--------+-----+--------+
         Total |   2223 |   2149 |     74 |      0 |   1865 |   4 |  555.8 |
       Dungeon |   2223 |   2149 |     74 |      0 |   1865 |   4 |  555.8 |
               +--------+--------+--------+--------+--------+-----+--------+

Top non-repeatable levels by time:
     D:2: 1194 daAuts
     D:1: 621 daAuts
     D:3: 398 daAuts
     D:4: 8 daAuts
